 Dungeon Crawl Stone Soup version 0.21.1-1-g345015f (webtiles) character file.

72 Firecrotchwizard the Chopper (level 4, 0/38 HPs)
             Began as a Hill Orc Gladiator on May 31, 2018.
             Slain by Robin
             ... wielding a +4 short sword of electrocution
              (3 damage)
             ... on level 3 of the Dungeon.
             The game lasted 00:01:55 (1734 turns).

Firecrotchwizard the Chopper (Hill Orc Gladiator)   Turns: 1734, Time: 00:01:56

Health: 0/38       AC:  4    Str: 17    XL:     4   Next: 25%
Magic:  4/4        EV: 12    Int:  8    God:
Gold:   103        SH:  0    Dex: 12    Spells: 3/3 levels left

rFire    . . .     SeeInvis .   a - +0 war axe
rCold    . . .     Gourm    .   (no shield)
rNeg     . . .     Faith    .   b - +0 leather armour
rPois    .         Spirit   .   c - +0 helmet
rElec    .         Reflect  .   (no cloak)
rCorr    .         Harm     .   (no gloves)
MR       .....                  (no boots)
Stlth    +.........             (no amulet)
HPRegen  0.12/turn              (no ring)
MPRegen  0.09/turn              (no ring)

@: no status effects
A: no striking features
a: no special abilities


You were on level 3 of the Dungeon.
You were not hungry.

You visited 1 branch of the dungeon, and saw 3 of its levels.

You collected 103 gold pieces.

Inventory:

Hand Weapons
 a - a +0 war axe (weapon)
Missiles
 d - 3 throwing nets {=f, !d}
Armour
 b - a +0 leather armour (worn)
 c - a +0 helmet (worn)
Scrolls
 e - 2 scrolls of magic mapping {unknown}
 h - a scroll of enchant weapon {unknown}
 i - a scroll of remove curse {unknown}
Comestibles
 f - 4 rations {@e1}
 g - 2 chunks of flesh {@w0}


   Skills:
 + Level 3.3 Fighting
 * Level 5.5 Axes
 - Level 1.7 Throwing
 + Level 1.7 Armour
 - Level 2.4 Dodging


You had 3 spell levels left.
You didn't know any spells.

Dungeon Overview and Level Annotations

Branches:
Dungeon (3/15)

Altars:

Annotations:
D:3 Robin


Message History

You now have 103 gold pieces (gained 9).
You see here a whip. 2 goblins and 2 hobgoblins come into view.
The hobgoblin shouts!
The goblin shouts! x2; You hear a shout! x2
The hobgoblin shouts!
You hear a shout! 2 goblins and a hobgoblin come into view.
The goblin shouts!
A goblin comes into view.
A goblin and 2 hobgoblins come into view.
The hobgoblin shouts! x2; The goblin shouts!
The goblin moves out of view.
The hobgoblin hits you.
You take 2 damage, and have 36/38 hp.
You hit the hobgoblin. The hobgoblin barely misses you.
You closely miss the hobgoblin. The hobgoblin closely misses you.
You hit the hobgoblin. You barely miss the goblin.
The goblin hits you with a dagger. The hobgoblin misses you.
The goblin closely misses you. The hobgoblin closely misses you.
You take 1 damage, and have 35/38 hp.
You completely miss the hobgoblin. You completely miss the goblin.
The goblin closely misses you.
You slash the hobgoblin!
You kill the hobgoblin!
You barely miss the goblin. You hit the hobgoblin.
The goblin hits you with a dagger.
The hobgoblin hits you but does no damage.
You take 4 damage, and have 31/38 hp.
The hobgoblin hits you with a club.
You take 3 damage, and have 28/38 hp.
The hobgoblin hits you but does no damage.
You barely miss the hobgoblin. You barely miss the goblin.
The goblin hits you with a dagger.
The hobgoblin hits you but does no damage.
You take 2 damage, and have 26/38 hp.
You hit the hobgoblin but do no damage. You closely miss the goblin.
You barely miss the goblin. The goblin hits you with a dagger.
The goblin hits you with a club. The hobgoblin closely misses you.
The goblin closely misses you.
You take 4 damage, and have 22/38 hp.
You are too injured to fight recklessly!
You are too injured to fight recklessly!
You are too injured to fight recklessly!
You closely miss the goblin. You hit the goblin. You hit the hobgoblin.
The goblin closely misses you. The hobgoblin hits you with a club.
The goblin hits you but does no damage.
You take 3 damage, and have 19/38 hp.
You closely miss the goblin. You hit the hobgoblin.
You kill the hobgoblin!
You closely miss the goblin. The goblin hits you with a club.
The goblin hits you with a dagger. The goblin hits you but does no damage.
You take 4 damage, and have 15/38 hp.
You closely miss the goblin. x2; You slash the goblin!
You kill the goblin!
The goblin hits you but does no damage. The goblin hits you with a club.
You take 1 damage, and have 14/38 hp.
You closely miss the goblin. You hit the goblin.
You kill the goblin!
You closely miss the goblin. The goblin closely misses you.
The goblin hits you but does no damage.
The hobgoblin hits you but does no damage.
You barely miss the goblin. You hit the hobgoblin.
You kill the hobgoblin!
You completely miss the goblin. The goblin hits you but does no damage.
The goblin hits you with a club. The goblin hits you but does no damage.
The hobgoblin hits you but does no damage.
You take 1 damage, and have 13/38 hp.
You hit the goblin. You barely miss the hobgoblin. You hit the goblin.
The goblin misses you. The goblin hits you with a dagger.
The hobgoblin hits you.
* * * LOW HITPOINT WARNING * * *
You take 2 damage, and have 11/38 hp.
You closely miss the goblin. You barely miss the goblin.
You closely miss the hobgoblin. The goblin misses you.
The goblin barely misses you.
The hobgoblin hits you but does no damage.
You hit the goblin.
You kill the goblin!
You closely miss the hobgoblin. You barely miss the goblin.
The goblin hits you but does no damage. The hobgoblin barely misses you.
You hit the hobgoblin. You closely miss the goblin.
You closely miss the hobgoblin. The hobgoblin closely misses you.
The goblin barely misses you.
The hobgoblin hits you but does no damage.
Robin of the Strong Arm comes into view.
She is wielding a short sword of electrocution.
You slash the hobgoblin!
You kill the hobgoblin!
You closely miss the goblin. You closely miss the hobgoblin.
The hobgoblin hits you.
* * * LOW HITPOINT WARNING * * *
The goblin wields a hunting sling.
The goblin shoots a stone.
The stone hits you.
* * * LOW HITPOINT WARNING * * *
The goblin misses you. The hobgoblin hits you.
* * * LOW HITPOINT WARNING * * *
You take 8 damage, and have 3/38 hp.
MASSIVE DAMAGE!!
You closely miss Robin. You hit the goblin but do no damage.
You hit the hobgoblin. The goblin barely misses you.
The hobgoblin barely misses you.
Robin hits you with a short sword of electrocution.
You die...

....# #...# # #...# #
#. #...#
#.#.########.#.####.##
......................
##.....######g.###.#
###).......ggg.# ###
#.#.######@#.# ..#
#.#.# #.#.g# #.#
#.#.######## g# #.#
#.#......# .g #.#
#.#.##.#### g$
#.#####.####....# ..#
...........#.##.#
..............#.#
............#.#.#


You could see Robin, a hobgoblin and 2 goblins.

Vanquished Creatures
  An adder (D:2)
  3 dart slugs
  A leopard gecko (D:1)
  2 giant cockroaches
  7 goblins
  9 hobgoblins
  5 jackals
  A ball python (D:1)
  6 bats
  3 frilled lizards
  9 kobolds
  5 rats
52 creatures vanquished.

Notes
Turn   | Place    | Note
-------+----------+-------------------------------------------
     0 | D:1      | Firecrotchwizard the Hill Orc Gladiator began the quest for the Orb.
     0 | D:1      | Reached XP level 1. HP: 18/18 MP: 1/1
   164 | D:1      | Reached XP level 2. HP: 21/25 MP: 2/2
   417 | D:1      | Reached skill level 1 in Armour
   423 | D:1      | Reached XP level 3. HP: 20/30 MP: 3/3
   787 | D:2      | Reached skill level 5 in Axes
   810 | D:2      | Reached skill level 3 in Fighting
   872 | D:2      | HP: 7/31 [poisoned by an adder]
   878 | D:2      | HP: 6/31 [poisoned by an adder]
   886 | D:2      | HP: 5/31 [poisoned by an adder]
   889 | D:2      | HP: 2/31 [jackal (2)]
  1344 | D:2      | Reached XP level 4. HP: 37/38 MP: 4/4
  1733 | D:3      | Noticed Robin
  1733 | D:3      | HP: 7/38 [hobgoblin[Robin] (4)]
  1733 | D:3      | HP: 3/38 [hobgoblin[Robin] (3)]
  1734 | D:3      | Slain by Robin

Skill      XL: |  1  2  3 |
---------------+----------+-----
Armour         | 1 |  1.7
Axes           | 5 |  5.5
Fighting       | 3 |  3.3
Throwing       | |  1.7
Dodging        | |  2.4

Action                   |  1- 3 |  4- 6 || total
-------------------------+-------+-------++-------
Melee: War axe           |   101 |    31 ||   132
  Eat: Chunk             |     1 |     2 ||     3
Armor: Leather armour    |    42 |    17 ||    59
Dodge: Dodged            |   117 |    31 ||   148

Vault maps used:
D:1:      dpeg_arrival_refuge
D:2:      first_ration, roderic_malta_cross
D:3:      kennysheep_nub, uniq_robin

Table legend:
 A = Turns spent in this place as a percentage of turns spent in the entire game.
 B = Non-inter-level travel turns spent in this place as a percentage of non-inter-level travel turns spent in the entire game.
 C = Inter-level travel turns spent in this place as a percentage of turns spent in this place.
 D = Turns resting spent in this place as a percentage of non-inter-level travel turns spent in this place.
 E = Turns spent auto-exploring this place as a percentage of non-inter-level travel turns spent in this place.
 F = Non-inter-level travel turns spent in this place divided by the number of levels of this place that you've seen.
                   A       B       C       D       E      F
               +-------+-------+-------+-------+-------+----------------------
         Total | 100.0 | 100.0 |   1.8 |  33.6 |  50.9 | 567.3
       Dungeon | 100.0 | 100.0 |   1.8 |  33.6 |  50.9 | 567.3
               +-------+-------+-------+-------+-------+----------------------

Table legend:
 A = Kills in this place as a percentage of kills in entire the game.
 B = Kills by you in this place as a percentage of kills by you in the entire game.
 C = Kills by friends in this place as a percentage of kills by friends in the entire game.
 D = Other kills in this place as a percentage of other kills in the entire game.
 E = Experience gained in this place as a percentage of experience gained in the entire game.
 F = Experience gained in this place divided by the number of levels of this place that you have seen.
                   A       B       C       D       E      F
               +-------+-------+-------+-------+-------+----------------------
         Total | 100.0 | 100.0 |   N/A |   N/A | 100.0 |  34.3
       Dungeon | 100.0 | 100.0 |   N/A |   N/A | 100.0 |  34.3
               +-------+-------+-------+-------+-------+----------------------
